 Dungeon Crawl Stone Soup version 0.23-a0-625-g1d2cd9b (webtiles) character file.

515 Yrofan the Cudgeler (level 7, -7/44 HPs)
             Began as a Gargoyle Gladiator on Dec 24, 2018.
             Killed by divine providence
             ... invoked by an orc priest
              (12 damage)
             ... on level 6 of the Dungeon.
             The game lasted 00:06:14 (4529 turns).

Yrofan the Cudgeler (Gargoyle Gladiator)            Turns: 4529, Time: 00:06:15

Health: -7/44      AC: 12    Str: 18    XL:     7   Next: 20%
Magic:  7/7        EV: 10    Int: 10    God:
Gold:   221        SH:  0    Dex:  9    Spells: 6/6 levels left

rFire    . . .     SeeInvis .   a - +0 flail
rCold    . . .     Gourm    .   (no shield)
rNeg     + . .     Faith    .   x - +0 scale mail
rPois    ∞         Spirit   .   (helmet restricted)
rElec    +         Reflect  .   (no cloak)
rCorr    .         Harm     .   h - +0 pair of gloves
MR       .....     Clarity  +   (no boots)
Stlth    ..........             (no amulet)
HPRegen  0.14/turn              (no ring)
MPRegen  0.10/turn              (no ring)

@: no status effects
A: horns 1, blurry vision 1, clarity, clumsy 1, negative energy resistance 1,
electricity resistance, unbreathing, petrification resistance, rot immunity, AC
+4
a: no special abilities


You were on level 6 of the Dungeon.
You were not hungry.

You visited 1 branch of the dungeon, and saw 6 of its levels.
You also visited: Sewer.

You collected 221 gold pieces.

Inventory:

Hand Weapons
 a - a +0 flail (weapon)
Missiles
 d - 2 throwing nets
 u - 154 stones (quivered)
 y - 11 tomahawks
Armour
 c - a +0 helmet
 h - a +0 pair of gloves (worn)
 x - a +0 scale mail (worn)
Wands
 w - a wand of flame (11)
Scrolls
 b - a scroll of immolation
 e - a scroll of enchant weapon {unknown}
 i - 2 scrolls of noise {unknown}
 n - a scroll of fear {unknown}
 o - 2 scrolls of fog
 q - 2 scrolls of remove curse
 s - a scroll of blinking {unknown}
 t - a scroll of amnesia {unknown}
Potions
 g - 2 potions of flight
 m - a potion of lignification
Comestibles
 f - 8 rations
 j - 2 chunks of flesh


   Skills:
 + Level 4.5 Fighting
 * Level 6.0 Maces & Flails
 - Level 1.7 Throwing
 + Level 3.7 Armour
 - Level 2.4 Dodging


You had 6 spell levels left.
You didn't know any spells.
Your spell library was empty.

Dungeon Overview and Level Annotations

Branches:
Dungeon (6/15)
 Temple: D:4-7

Altars:
Kikubaaqudgha
Xom

Annotations:
D:6 1 runed door


Innate Abilities, Weirdness & Mutations

You are resistant to torment.
Your stone body is resilient. (AC +4)
You are immune to poison.
You resist negative energy. (rN+)
You are resistant to electric shocks. (rElec)
You can survive without breathing.
You are immune to petrification.
You are immune to rotting.
You have a pair of small horns on your head.
Scrolls take you a little longer to read.
You possess an exceptional clarity of mind.
You are clumsy. (Dex -2)


Message History

Beogh smites ye!
* * * LOW HITPOINT WARNIN'
* * * Somethin' hits ye but does nay damage.
Tha crimson imp hits ye but does nay damage.
Tha orc wizard hits ye but does nay damage.
Ye feel better.
Somethin' hits ye.
* * * LOW HITPOINT WARNIN'
* * * Tha orc wizard hits ye but does nay damage.
Tha crimson imp blinks!
Unknown command.
Ye feel 'stremely strange.
Yer thoughts seem clearer.
Ye feel clumsy.
Yer vision blurs.
A pair o' horns grows on yer head!
Yer +0 helmet falls away!
Tha orc wizard casts a spell at ye.
Tha magic dart hits ye!
* * * LOW HITPOINT WARNIN'
* * * Tha orc priest calls down tha wrath o' Beogh upon ye.
Beogh smites ye!
Ye die...

#.##.#### ....#### .
#.....### ......#
..##.##..... ..5...
........... ..#.###
##........
...#.....#.........
#..#.###........... #
#.§#.##.##+##.#####
#.#o@#.##.# #.# ###
#.##{#.##.# #.###..
#...o..#..# #......
#...#..#..# #......
#......#..# #.....^
#......#..#####......
#....#.#.............
#....#...............
#....#...............


You could see an orc priest, an orc wizard and a crimson imp.

Vanquished Creatures
  2 bullfrogs (D:6)
  A big kobold (Sewer)
  A crimson imp (D:6)
  2 hounds (D:6)
  An orc priest (D:6)
  Ijyb (D:3)
  A hound skeleton (D:3)
  A worker ant zombie (D:6)
  4 adders
  A river rat (Sewer)
  A shadow imp (D:6)
  An ooze (D:2)
  2 worms
  3 leopard geckos
  9 orcs
  5 bats
  10 giant cockroaches
  2 goblins (D:1)
  9 hobgoblins
  4 jackals
  7 kobolds
  2 ball pythons (D:2)
  A frilled lizard (D:2)
  9 rats
80 creatures vanquished.

Notes
Turn   | Place    | Note
-------+----------+-------------------------------------------
     0 | D:1      | Yrofan the Gargoyle Gladiator began the quest for the Orb.
     0 | D:1      | Reached XP level 1. HP: 12/12 MP: 1/1
   388 | D:1      | Reached XP level 2. HP: 17/18 MP: 2/2
   740 | D:2      | Reached skill level 1 in Armour
  1262 | D:2      | Reached XP level 3. HP: 17/22 MP: 3/3
  1478 | D:2      | Found an ancient bone altar of Kikubaaqudgha.
  1939 | D:2      | Reached XP level 4. HP: 18/28 MP: 4/4
  2231 | D:3      | Reached skill level 4 in Maces & Flails
  2298 | D:3      | Noticed Ijyb
  2330 | D:3      | Killed Ijyb
  2491 | D:3      | Found a shimmering altar of Xom.
  2563 | D:3      | Reached XP level 5. HP: 32/32 MP: 5/5
  2707 | D:3      | Found a glowing drain.
  2713 | Sewer    | Entered a sewer
  2999 | Sewer    | Noticed a big kobold
  3047 | Sewer    | Killed a big kobold
  3047 | Sewer    | Reached skill level 5 in Maces & Flails
  3349 | Sewer    | Found a white marble altar of Elyvilon.
  3450 | D:3      | Reached XP level 6. HP: 31/38 MP: 6/6
  3685 | D:4      | You fall through a shaft for 2 floors!
  3792 | D:6      | Found a runed door.
  4358 | D:6      | Reached XP level 7. HP: 44/44 MP: 7/7
  4494 | D:5      | Entered Level 5 of the Dungeon
  4506 | D:6      | Reached skill level 6 in Maces & Flails
  4521 | D:6      | HP: 3/66 [orc priest/divine providence (11)]
  4529 | D:6      | Gained mutation: You possess an exceptional clarity of
                  | mind. [potion of mutation]
  4529 | D:6      | Gained mutation: You are clumsy. (Dex -2) [potion of
                  | mutation]
  4529 | D:6      | Gained mutation: Scrolls take you a little longer to read.
                  | [potion of mutation]
  4529 | D:6      | Gained mutation: You have a pair of small horns on your
                  | head. [potion of mutation]
  4529 | D:6      | Killed from afar by an orc priest

Vault maps used:
D:1:      eino_arrival_tree_alley
D:2:      nicolae_overflow_crystal_walls, first_ration, patterned_corridor
D:3:      lemuel_doored_altar, gup_sewer_entry_bubbles,
          kennysheep_generic_room_9, uniq_ijyb
D:4:      elyvilon_altar_5, ebering_ghost_gozag, uniq_sigmund, uniq_robin
D:5:      grunt_temple_overflow_open, minmay_temple_entry_from_below_a
D:6:      ebering_ghost_reflecting_pool, st_stairs_1
Sewer:    sewer_kobolds

Skill      XL: |  1  2  3  4  5  6  7 |
---------------+----------------------+-----
Armour         | 1 2 3 |  3.7
Fighting       | 3 4 |  4.5
Maces & Flails | 4 5 6 |  6.0
Throwing       | |  1.7
Dodging        | |  2.4

Action                   |  1- 3 |  4- 6 |  7- 9 || total
-------------------------+-------+-------+-------++-------
Melee: Flail             |   114 |   265 |    60 ||   439
Throw: Throwing net      |     1 |       |       ||     1
       Stone             |       |    20 |       ||    20
  Use: Potion            |       |     3 |     6 ||     9
       Scroll            |       |     9 |       ||     9
  Eat: Chunk             |     3 |     5 |     1 ||     9
       Ration            |       |     1 |       ||     1
Armor: Leather armour    |    50 |    11 |       ||    61
       Scale mail        |       |   168 |    35 ||   203
       Skin              |       |       |    32 ||    32
Dodge: Dodged            |    96 |   190 |    48 ||   334

Table legend:
 A = Non-vault XP
 B = Vault XP
 C = Vault XP percentage of total XP
 D = Non-vault monster count
 E = Vault monster count
 F = Vault count percentage of total count
                 A         B        C        D         E       F
            +---------+---------+-------+---------+---------+-------
      Total |     559 |     177 |  24.0 |      60 |      20 |  25.0
            +---------+---------+-------+---------+---------+-------
        D:1 |      15 |       0 |   0.0 |       8 |       0 |   0.0
        D:2 |      67 |       0 |   0.0 |      22 |       0 |   0.0
        D:3 |      77 |      57 |  42.5 |      15 |      10 |  40.0
        D:6 |     400 |       0 |   0.0 |      15 |       0 |   0.0
      Sewer |       0 |     120 | 100.0 |       0 |      10 | 100.0
            +---------+---------+-------+---------+---------+-------
